 Dungeon Crawl Stone Soup version 0.21-a0-351-g38363bb (webtiles) character file.

7 Dfrag the Firebug (level 1, -1/13 HPs)
             Began as a Demonspawn Fire Elementalist on Oct 10, 2017.
             Hit by a stone thrown by a kobold (3 damage)
             ... on level 1 of the Dungeon.
             The game lasted 00:00:26 (175 turns).

Dfrag the Firebug (Demonspawn Fire Elementalist)     Turns: 175, Time: 00:00:27

Health: -1/13      AC:  2    Str:  8    XL:     1   Next: 91%
Magic:  2/3        EV: 12    Int: 16    God:
Gold:   30         SH:  0    Dex: 13    Spells: 3/4 levels left

rFire    . . .     SeeInvis .   (no weapon)
rCold    . . .     Gourm    .   (no shield)
rNeg     . . .     Faith    .   a - +0 robe
rPois    +         Spirit   .   (no helmet)
rElec    .         Reflect  .   (no cloak)
rCorr    .         Harm     .   (no gloves)
MR       .....                  (no boots)
Stlth    ++........             (no amulet)
HPRegen  0.04/turn              h - ring of poison resistance
MPRegen  0.08/turn              (no ring)

@: no status effects
A: no striking features
a: no special abilities


You were on level 1 of the Dungeon.
You were not hungry.

You visited 1 branch of the dungeon, and saw 1 of its levels.

You collected 30 gold pieces.

Inventory:

Armour
 a - a +0 robe (worn)
Jewellery
 h - a ring of poison resistance (left hand)
Scrolls
 d - a scroll of magic mapping {unknown}
 e - a scroll of immolation {unknown}
Potions
 f - a potion of curing {unknown}
Books
 b - a book of Flames

   Spells                             Type                      Level
   a - Flame Tongue                   Conjuration/Fire             1
   b - Throw Flame                    Conjuration/Fire             2
   c - Conjure Flame                  Conjuration/Fire             3
   d - Inner Flame                    Hexes/Fire                   3
   e - Sticky Flame                   Conjuration/Fire             4
   f - Fireball                       Conjuration/Fire             5
Comestibles
 c - 2 bread rations
 g - a fruit


   Skills:
 - Level 1.7 Dodging
 - Level 1.7 Stealth
 + Level 2.2 Spellcasting
 + Level 1.3 Conjurations
 + Level 2.9 Fire Magic


You had 3 spell levels left.
You knew the following spells:

 Your Spells              Type           Power        Failure   Level  Hunger
a - Flame Tongue          Conj/Fire      #....        9%          1    #......


Dungeon Overview and Level Annotations

Branches:
Dungeon (1/15)

Altars:


Message History

Casting: Flame Tongue
Confirm with . or Enter, or press ? or * to list all spells.
You can't see any susceptible monsters within range! (Use Z to cast anyway.) Unknown command.
Found a stone staircase leading down.
h - a bone ring A kobold comes into view.
h - a ring of poison resistance (left hand)
The kobold shouts!
The kobold throws a stone.
The stone hits you.
* * * LOW HITPOINT WARNING * * *
You see here a stone.
The kobold throws a stone.
The stone hits you.
* * * LOW HITPOINT WARNING * * *
Casting: Flame Tongue
Confirm with . or Enter, or press ? or * to list all spells.
You can't see any susceptible monsters within range! (Use Z to cast anyway.)
You are too injured to fight recklessly!
The kobold throws a stone.
The stone hits you.
You die...

#....# #..........#
#....##### #..........#
#......... #..........#
#....##### #.......K..#
#)...#
#..........###....#####
#.....................
##.........##.....†....
#....>@....############
#>....>....# #..
#!...(.....# ####.#
#..........# ###.....
#.......†..# #.......
##.........# #.#.....
##......#.# ##.#.....
########.####..#.....
#.......##.....


You could see a kobold.

Vanquished Creatures
  A leopard gecko (D:1)
  A hobgoblin (D:1)
  A bat (D:1)
  5 rats (D:1)
8 creatures vanquished.

Notes
Turn   | Place    | Note
-------+----------+-------------------------------------------
     0 | D:1      | Dfrag the Demonspawn Fire Elementalist began the quest for the Orb.
     0 | D:1      | Reached XP level 1. HP: 13/13 MP: 3/3
   175 | D:1      | Hit by a stone thrown by a kobold

Vault maps used:
D:1:      giann_horns

Action                   || total
-------------------------++-------
Melee: Unarmed           ||    11
 Cast: Flame Tongue      ||    11
Armor: Robe              ||     1
Dodge: Dodged            ||     7

Table legend:
 A = Spawn XP
 B = Non-spawn XP
 C = Spawn XP percentage of total XP
 D = Spawn monster count
 E = Non-spawn monster count
 F = Spawn count percentage of total count
 G = Total turns spent on level
                    A         B        C        D         E        F      G
               +---------+---------+-------+---------+---------+-------+---------
         Total |       0 |      11 |   0.0 |       0 |       8 |   0.0 |   175
               +---------+---------+-------+---------+---------+-------+---------
           D:1 |       0 |      11 |   0.0 |       0 |       8 |   0.0 |   175
               +---------+---------+-------+---------+---------+-------+---------
